 Dungeon Crawl Stone Soup version 0.31-a0-152-g6aa68a64a1 (webtiles) character file.

Game seed: 15058109542611648659

252 pokeman the Magician (level 5, -1/29 HPs)
             Began as a Deep Elf Hedge Wizard on June 9, 2023.
             Succumbed to a scorpion's poison
             ... on level 5 of the Dungeon.
             The game lasted 00:05:45 (3460 turns).

pokeman the Magician (Deep Elf Hedge Wizard)        Turns: 3460, Time: 00:05:45

Health: -1/29      AC:  3    Str:  7    XL:     5   Next: 89%
Magic:  0/16       EV: 13    Int: 27    God:
Gold:   218        SH:  0    Dex: 14    Spells: 4/17 levels left

rFire   . . .        t - +1 whip (venom)
rCold   . . .        (no shield)
rNeg    . . .        b - +0 robe
rPois   .            c - +0 hat
rElec   .            (no cloak)
rCorr   .            m - +0 pair of gloves
SInv    .            (no boots)
Will    .....        (no amulet)
Stlth   ++           o - +6 ring of intelligence
HPRegen 0.24/turn    (no ring)
MPRegen 0.15/turn

%: no passive effects
@: lethally poisoned (-1 -> -6)
A: no striking features
a: no special abilities


You were on level 5 of the Dungeon.
You visited 1 branch of the dungeon, and saw 5 of its levels.

You collected 218 gold pieces.

Inventory:

Hand Weapons
 t - a +1 whip of venom (weapon)
Missiles
 e - 4 curare-tipped darts
Armour
 b - a +0 robe (worn)
 c - a +0 hat (worn)
 m - a +0 pair of gloves (worn)
Jewellery
 o - a +6 ring of intelligence (left hand)
Scrolls
 h - a scroll of amnesia {unknown}
 i - a scroll of brand weapon {unknown}
 j - 9 scrolls of identify {unknown}
 k - a scroll of magic mapping {unknown}
 l - a scroll of immolation {unknown}
 n - a scroll of poison {unknown}
 p - 2 scrolls of fear {unknown}
 q - a scroll of noise {unknown}
Potions
 d - a potion of magic
 f - 2 potions of might {unknown}
 g - 3 potions of heal wounds {unknown}
 r - 2 potions of curing {unknown}
 s - a potion of mutation {unknown}


   Skills:
 + Level 1.1 Fighting
 - Level 1.0 Armour
 - Level 3.0 Dodging
 - Level 3.0 Stealth
 * Level 6.6 Spellcasting
 + Level 2.9 Conjurations
 - Level 1.1 Summonings
 - Level 1.1 Translocations
 + Level 1.0 Ice Magic
 + Level 0.9 Air Magic
 - Level 1.0 Poison Magic


You had 4 spell levels left.
You knew the following spells:

 Your Spells              Type           Power      Damage    Failure   Level
a - Magic Dart            Conj           96%        1d7       1%          1
b - Mephitic Cloud        Conj/Pois/Air  17%        N/A       10%         3
c - Call Imp              Summ           28%        N/A       6%          2
d - Blink                 Tloc           28%        N/A       6%          2
e - Freezing Cloud        Conj/Ice/Air   8%         6-21      65%         5

Your spell library contained the following spells:

 Spells                   Type           Power      Damage    Failure   Level
 Apportation              Tloc           28%        N/A       3%          1
 Slow                     Hex            32%        N/A       6%          1
 Poisonous Vapours        Pois/Air       28%        N/A       6%          2
 Cigotuvi's Dreadful Rot  Necr/Pois/Air  24%        N/A       7%          2
 Anguish                  Hex/Necr       4%         N/A       52%         4
 Cause Fear               Hex            4%         N/A       52%         4
 Alistair's Intoxication  Tmut/Pois      7%         N/A       80%         5
 Enfeeble                 Hex            4%         N/A       100%        7


Dungeon Overview and Level Annotations

Branches:
Dungeon (4/15)
 Temple: D:4-7

Altars:

Shops:
D:4 (=*:


Message History

The adder bites you but does no damage.
You miss the adder. The adder barely misses you.
You closely miss the adder. The adder barely misses you. The adder bites you.
You hit the adder.
The adder is poisoned.
The adder is lightly wounded.
The adder misses you.
You miss the adder.
The adder is lightly wounded.
The adder bites you but does no damage.
You barely miss the adder.
The adder is heavily wounded.
The adder misses you. The adder bites you but does no damage.
You hit the adder.
The adder looks as sick as possible!
The adder is heavily wounded.
The adder barely misses you.
You closely miss the adder.
The adder is severely wounded.
You kill the adder!
Casting: Magic Dart (safe; 1% risk of failure)
Confirm with . or Enter, or press ? or * to list all spells.
A tiny devil pulls itself out of the air.
The scorpion stings you.
You are poisoned.
The scorpion poisons you! The scorpion stings you.
Unknown command.
You barely miss the scorpion.
You feel very sick. The scorpion stings you.
Your cerulean imp hits the scorpion with a -3 spear.
Unknown command.
You barely miss the scorpion.
The scorpion is lightly wounded.
* * * LOW HITPOINT WARNING * * *
You feel sick. The scorpion stings you.
* * * LOW HITPOINT WARNING * * *
Your cerulean imp barely misses the scorpion.
Unknown command.
You completely miss the scorpion.
The scorpion is lightly wounded.
You die...

### .h .?... ..#.
#.. ## .h ##.###
.#
#....####)####..
####.#...@s5r..)..
#.......##########
#.#####.# #.#
####.# # ##.##.#
....#...#.#
#.......#
####.#.##


You could see a scorpion (ally target), a quokka and a friendly cerulean imp
(summoned).

Vanquished Creatures
  2 howler monkeys (D:5)
  3 gnolls (D:2)
  3 adders
  2 worms (D:2)
  11 dart slugs (D:3)
  13 orcs
  7 ball pythons
  8 bats
  4 endoplasms
  A giant cockroach (D:1)
  11 goblins
  5 hobgoblins
  2 jackals (D:1)
  2 kobolds
  A quokka (D:4)
  3 frilled lizards (D:1)
  3 rats
81 creatures vanquished.

Notes
Turn   | Place    | Note
-------+----------+-------------------------------------------
     0 | D:1      | pokeman the Deep Elf Hedge Wizard began the quest for the
                  | Orb.
     0 | D:1      | Reached XP level 1. HP: 10/10 MP: 7/7
   263 | D:1      | Reached XP level 2. HP: 15/15 MP: 4/9
   628 | D:1      | Reached skill level 5 in Spellcasting
  1027 | D:2      | Reached XP level 3. HP: 20/20 MP: 0/11
  1031 | D:2      | Learned a level 3 spell: Mephitic Cloud
  1034 | D:2      | Learned a level 2 spell: Call Imp
  1037 | D:2      | Learned a level 2 spell: Blink
  1435 | D:2      | Reached skill level 1 in Fighting
  1435 | D:2      | Reached skill level 1 in Armour
  1480 | D:2      | Reached XP level 4. HP: 25/25 MP: 1/13
  2530 | D:3      | Reached skill level 6 in Spellcasting
  3106 | D:4      | Reached XP level 5. HP: 29/29 MP: 11/15
  3112 | D:4      | Learned a level 5 spell: Freezing Cloud
  3196 | D:4      | Found Niuhurer's Assorted Antiques.
  3201 | D:4      | Found Feygubb's Book Emporium.
  3261 | D:4      | Found Remnej's Jewellery Emporium.
  3381 | D:4      | Noticed an ogre
  3382 | D:4      | Noticed an ogre
  3382 | D:4      | Noticed an ogre
  3383 | D:4      | Found Saxuaska's Antique Weapon Shop.
  3408 | D:4      | You fall into a shaft and drop 1 floor!
  3408 | D:5      | Entered Level 5 of the Dungeon
  3439 | D:5      | Reached skill level 1 in Poison Magic
  3445 | D:5      | Reached skill level 1 in Ice Magic
  3459 | D:5      | HP: 1/29 [scorpion (6)]
  3460 | D:5      | Succumbed to a scorpion's poison

Illustrated notes

Levels and vault maps discovered:
D:1:      dpeg_arrival_simpleton_c, layout_rooms
D:2:      layout_loops_cross
D:3:      kennysheep_slugbush, layout_basic, hangedman_decor_points
D:4:      layout_cave_pools, grunt_gozag_breadcrumbs, serial_shops,
          nicolae_shop_hallway_plus, nicolae_take_the_stairs, shop,
          nicolae_shop_competitors_out_of_business, minivault_27,
          minmay_joined_circles, uniq_blork_the_orc, uniq_ijyb
D:5:      layout_loops_ring, serial_shops, shop, grunt_ministairs_11,
          chequers_serial_rivers_micro_c, minmay_strange_pillars, st_stairs_5

Skill      XL: |  1  2  3  4  5 |
---------------+----------------+-----
Spellcasting   | 5 6 |  6.6
Fighting       | 1 |  1.1
Armour         | 1 |  1.0
Conjurations   | 2 |  2.9
Stealth        | 3 |  3.0
Dodging        | 3 |  3.0
Poison Magic   | 1 |  1.0
Ice Magic      | 1 |  1.0
Summonings     | |  1.1
Translocations | |  1.1
Air Magic      | |  0.9

Action                     |  1- 3 |  4- 6 || total
---------------------------+-------+-------++-------
  Melee: Dagger            |    20 |       ||    20
         Punch             |     1 |       ||     1
         Whip              |       |    14 ||    14
   Cast: Magic Dart        |    73 |   112 ||   185
         Mephitic Cloud    |     4 |       ||     4
         Call Imp          |     1 |     2 ||     3
   Stab: Confused          |     3 |       ||     3
 Armour: Robe              |     1 |     5 ||     6
  Dodge: Dodged            |    19 |    19 ||    38

Table legend: (Time is in decaauts)
 A = Elapsed time spent in this place.
 B = Non-inter-level travel time spent in this place.
 C = Inter-level travel time spent in this place.
 D = Time resting spent in this place.
 E = Time spent auto-exploring this place.
 F = Levels seen in this place.
 G = Mean time per level.
                   A        B        C        D        E       F      G
               +--------+--------+--------+--------+--------+-----+--------+
         Total |   3466 |   3389 |     77 |    155 |   2751 |   5 |  693.2 |
       Dungeon |   3466 |   3389 |     77 |    155 |   2751 |   5 |  693.2 |
               +--------+--------+--------+--------+--------+-----+--------+

Top non-repeatable levels by time:
     D:2: 1241 daAuts
     D:3: 954 daAuts
     D:1: 912 daAuts
     D:4: 305 daAuts
     D:5: 53 daAuts
